 Dungeon Crawl Stone Soup version 0.18.1-48-g4cf74bf (webtiles) character file.

392 Joat the Insei (level 6, 0/51 HPs)
             Began as a Draconian Transmuter on Aug 18, 2016.
             Slain by Menkaure (23 damage)
             ... on level 4 of the Dungeon.
             The game lasted 00:17:53 (3388 turns).

Joat the Insei (Draconian Transmuter)               Turns: 3388, Time: 00:17:53

Health: 0/51       AC:  7    Str: 13    XL:     6   Next: 50%
Magic:  6/9        EV: 13    Int: 13    God:
Gold:   121        SH:  0    Dex: 13    Spells: 3 memorised, 3 levels left

rFire  . . .     SeeInvis .       - Unarmed
rCold  + . .     Gourm    .     (armour unavailable)
rNeg   . . .     Faith    .     (no shield)
rPois  .         Spirit   .     (helmet restricted)
rElec  .         Dismiss  .     h - +0 cloak
rCorr  .         Reflect  .     (no gloves)
SustAt .         Harm     .     (no boots)
MR     .....                    (no amulet)
Stlth  +.........               j - ring of protection from cold
                                e - ring of flight

@: repel missiles, not resistant to hostile enchantments, very unstealthy
A: unfitting armour, blink, screaming 1, evolution 1, cold-blooded, subdued
magic 1, AC +6
a: Blink, Evoke Flight


You were on level 4 of the Dungeon.
You were not hungry.

You visited 1 branch of the dungeon, and saw 4 of its levels.

You collected 121 gold pieces.

Inventory:

Missiles
 a - 65 arrows
 k - 4 needles of confusion
Armour
 h - a +0 cloak (worn)
Jewellery
 e - a ring of flight (left hand)
 j - a ring of protection from cold (right hand)
Wands
 t - a wand of acid (8/15)
Scrolls
 i - a scroll of random uselessness
 n - a scroll of noise
 p - 3 scrolls of teleportation {unknown}
 q - a scroll of magic mapping {unknown}
 r - a scroll of immolation {unknown}
 u - a scroll of blinking {unknown}
Books
 b - a book of Changes

   Spells                             Type                      Level
   a - Beastly Appendage              Transmutation                1
   b - Sticks to Snakes               Transmutation                2
   c - Spider Form                    Transmutation/Poison         3
   d - Ice Form                       Ice/Transmutation            4
   e - Blade Hands                    Transmutation                5
 d - a book of Minor Magic

   Spells                             Type                      Level
   a - Magic Dart                     Conjuration                  1
   b - Blink                          Translocation                2
   c - Call Imp                       Summoning                    2
   d - Repel Missiles                 Charms/Air                   2
   e - Slow                           Hexes                        2
   f - Conjure Flame                  Conjuration/Fire             3
   g - Mephitic Cloud                 Conjuration/Poison/Air       3
Comestibles
 c - 5 bread rations
 g - 2 meat rations
 o - a royal jelly


   Skills:
 + Level 3.2 Fighting
 + Level 3.2 Dodging
 * Level 5.3 Unarmed Combat
 + Level 2.1 Spellcasting
 + Level 2.6 Transmutations
 + Level 1.8 Poison Magic


You had 3 spell levels left.
You knew the following spells:

 Your Spells              Type           Power        Failure   Level  Hunger
d - Repel Missiles        Chrm/Air       #.....       34%         2    ###....
q - Beastly Appendage     Trmt           #.....       8%          1    ##.....
v - Spider Form           Trmt/Pois      #.........   30%         3    ####...


Dungeon Overview and Level Annotations

Branches:
Dungeon (4/15)
 Temple: D:4-7

Altars:
Yredelemnul

Annotations:
D:4 Menkaure


Innate Abilities, Weirdness & Mutations

Your plain brown scales are hard (AC +6).
Your body does not fit into most forms of armour.
You are cold-blooded and may be slowed by cold attacks.
You can translocate small distances at will.
You occasionally shout uncontrollably at your foes.
You evolve.
Your spells are a little easier to cast, but a little less powerful.


Message History

Menkaure closely misses you.
You barely miss Menkaure.
Menkaure is heavily damaged.
Menkaure misses you.
You completely miss Menkaure.
Menkaure is heavily damaged.
Menkaure misses you. The worker ant misses you.
You hit Menkaure.
Menkaure is severely damaged.
Menkaure hits you. The worker ant closely misses you.
You hit Menkaure but do no damage.
Menkaure is severely damaged.
Menkaure closely misses you. The worker ant closely misses you.
Menkaure completely misses you.
You hit Menkaure.
Menkaure is almost destroyed.
Your transformation has ended.
Your +0 cloak unmelds from your body.
The worker ant closely misses you. Menkaure hits you!!
You die...

#..# ######..# ..#
#.......# #.# #)#..#..#
#.# #<#..#.# #.# ###
#.#..#.# #.###....
#.#....# #........
#.#....# #M.......
...#.....#######@a......
.........>.......#######
##......##########
########


You could see Menkaure and a worker ant.

Vanquished Creatures
  An ogre (D:4)
  A hound (D:4)
  An orc priest (D:3)
  A worker ant (D:4)
  A gnoll (D:1)
  8 adders
  6 oozes (D:1)
  4 worms
  A dart slug (D:1)
  2 giant geckos (D:3)
  11 orcs
  3 bats
  4 giant cockroaches
  8 goblins
  14 hobgoblins
  6 jackals (D:1)
  6 giant newts
  6 kobolds
  A quokka skeleton (D:4)
  9 rats
94 creatures vanquished.

Notes
Turn   | Place    | Note
--------------------------------------------------------------
     0 | D:1      | Joat the Draconian Transmuter began the quest for the Orb.
     0 | D:1      | Reached XP level 1. HP: 16/16 MP: 3/3
     4 | D:1      | Found a runed door.
   501 | D:1      | Reached XP level 2. HP: 22/23 MP: 5/5
   715 | D:1      | Reached XP level 3. HP: 25/28 MP: 6/6
  1000 | D:1      | Reached skill level 4 in Unarmed Combat
  1036 | D:1      | Reached XP level 4. HP: 18/36 MP: 7/7
  1447 | D:2      | Learned a level 3 spell: Spider Form
  1994 | D:3      | Reached XP level 5. HP: 30/42 MP: 8/8
  2159 | D:3      | Reached skill level 1 in Poison Magic
  2765 | D:3      | Found a basalt altar of Yredelemnul.
  2866 | D:4      | Noticed an ogre
  2876 | D:4      | Killed an ogre
  2876 | D:4      | Reached skill level 5 in Unarmed Combat
  2876 | D:4      | Reached XP level 6. HP: 29/51 MP: 5/9
  2970 | D:4      | Gained mutation: You evolve. [potion of mutation]
  2970 | D:4      | Gained mutation: You can translocate small distances at will. [potion of mutation]
  2970 | D:4      | Gained mutation: You occasionally shout uncontrollably at your foes. [potion of mutation]
  2985 | D:4      | Gained mutation: Your spells are a little easier to cast, but a little less powerful. [evolution]
  3012 | D:3      | HP: 2/51 [poisoned by a gnoll]
  3018 | D:3      | HP: 2/51 [poisoned by a gnoll]
  3024 | D:3      | HP: 2/51 [poisoned by a gnoll]
  3365 | D:4      | Learned a level 2 spell: Repel Missiles
  3377 | D:4      | Noticed Menkaure
  3388 | D:4      | Slain by Menkaure

Skill      XL: |  1  2  3  4  5 |
---------------+----------------+-----
Dodging        | 2 3 |  3.2
Unarmed Combat | 4 5 |  5.3
Fighting       | 2 3 |  3.2
Poison Magic   | 1 |  1.8
Spellcasting   | |  2.1
Transmutations | |  2.6

Action                   |  1- 3 |  4- 6 || total
-------------------------+-------+-------++-------
Melee: Unarmed           |   139 |   252 ||   391
       Tailslap          |    19 |    19 ||    38
       Punch             |     2 |     2 ||     4
       Headbutt          |       |     5 ||     5
       Kick              |       |     3 ||     3
 Cast: Beastly Appendage |       |     6 ||     6
       Spider Form       |       |     4 ||     4
       Repel Missiles    |       |     1 ||     1
  Use: Potion            |       |     3 ||     3
       Scroll            |       |     2 ||     2
 Stab: Sleeping          |       |     1 ||     1
  Eat: Chunk             |       |     9 ||     9
Armor: Skin              |    31 |    58 ||    89
Dodge: Dodged            |    74 |   157 ||   231
